 Dungeon Crawl Stone Soup version 0.26-a0-30-g56b8cd3df0 (webtiles) character file.

Game seed: 2823125740286694391, levelgen mode: deterministic

1 vurker the Stinger (level 1, 0/15 HPs)
             Began as a Naga Venom Mage on June 1, 2020.
             Slain by an ooze (2 damage)
             ... on level 1 of the Dungeon.
             The game lasted 00:00:20 (44 turns).

vurker the Stinger (Naga Venom Mage)                  Turns: 44, Time: 00:00:21

Health: 0/15       AC:  1    Str: 10    XL:     1   Next: 20%
Magic:  0/3        EV: 10    Int: 15    God:
Gold:   0          SH:  0    Dex: 11    Spells: 3/4 levels left

rFire    . . .     SeeInvis +   (no weapon)
rCold    . . .     Gourm    .   (no shield)
rNeg     . . .     Faith    .   a - +0 robe
rPois    +         Spirit   .   (no helmet)
rElec    .         Reflect  .   (no cloak)
rCorr    .         Harm     .   (no gloves)
MR       .....                  (no barding)
Stlth    ++........             (no amulet)
HPRegen  0.05/turn              (no ring)
MPRegen  0.08/turn              (no ring)

@: very slow
A: large, see invisible, deformed body, poison resistance, slowness 2, slow
metabolism 1, spit poison 1, AC +0
a: Spit Poison


You were on level 1 of the Dungeon.
You were not hungry.

You visited 1 branch of the dungeon, and saw 1 of its levels.

Inventory:

Armour
 a - a +0 robe (worn)
Comestibles
 e - a ration


   Skills:
 + Level 0.0 Fighting
 - Level 1.5 Dodging
 - Level 3.0 Stealth
 * Level 2.0 Spellcasting
 - Level 1.0 Transmutations
 * Level 4.0 Poison Magic


You had 3 spell levels left.
You knew the following spells:

 Your Spells              Type           Power        Failure   Level  Hunger
a - Sting                 Tmut/Pois      #...         8%          1    #......

Your spell library contained the following spells:

 Spells                   Type           Power        Failure   Level  Hunger
 Poisonous Vapours        Pois/Air       #.....       14%         2    ###....
 Ignite Poison            Fire/Tmut/Pois #.......     32%         3    ###....
 Mephitic Cloud           Conj/Pois/Air  #.......     36%         3    ###....
 Olgreb's Toxic Radiance  Pois           ##......     38%         4    #####..


Dungeon Overview and Level Annotations

Branches:
Dungeon (1/15)

Altars:


Innate Abilities, Weirdness & Mutations

You cannot wear boots.
Your serpentine skin is tough. (AC +0)
You have supernaturally acute eyesight. (SInv)
Armour fits poorly on your strangely shaped body.
Your system is resistant to poisons. (rPois)
You cover ground very slowly.
You have a slow metabolism.
You can spit poison.


Message History

Welcome, vurker the Naga Venom Mage.
Will you be the one to retrieve the transcendent Orb of Zot from the depths?
Found twelve gnoll skeletons and six naga skeletons.
Found a staircase leading out of the dungeon.
Found an escape hatch in the floor.
You see here a naga skeleton.
You see here a gnoll skeleton.
There is an escape hatch in the floor here.
You see here a gnoll skeleton.
You see here a naga skeleton.
You open the door.
Found a mace.
There is an open door here.
A jackal comes into view.
No reachable target in view!
The jackal barks!
A jackal comes into view.
A hobgoblin comes into view. It is wielding a +0 club.
The hobgoblin shouts!
The hobgoblin hits you but does no damage.
The hobgoblin closely misses you.
Aim: a hobgoblin, wielding a +0 club The sting hits the hobgoblin.
The hobgoblin is poisoned.
The hobgoblin hits you with a +0 club.
Aim: a hobgoblin, wielding a +0 club (severely wounded, poisoned)
The sting hits the hobgoblin.
The hobgoblin looks even sicker.
You kill the hobgoblin!
An ooze comes into view.
Things that are here:
a +0 club; a hobgoblin corpse
Aim: an ooze The sting hits the ooze.
The ooze partially resists.
The ooze is poisoned.
You don't have enough magic to cast that spell.
You hit the ooze but do no damage. The ooze hits you.
You hit the ooze. The ooze hits you.
* * * LOW HITPOINT WARNING * * *
Aim: an ooze (moderately wounded, poisoned)
The splash of poison hits the ooze.
The ooze completely resists.
You feel slightly more hungry. The ooze barely misses you.
You hit the ooze. The ooze hits you.
* * * LOW HITPOINT WARNING * * *
You have got your breath back.
The ooze looks more healthy.
The ooze hits you.
* * * LOW HITPOINT WARNING * * *
Aim: an ooze (heavily wounded)
The sting hits the ooze.
The ooze is poisoned.
The jackal barks!
The ooze hits you.
You die...

###......#.....##
#..###...#....#.#.#..'
#.......#####.#).....#
......h.#.......#.#..#
.......#.###.#......#
#.....#.#...#####..+
#.....#.#...# ####
########.#...#
#..J@....#####
#)######## #..# #.##
#. #. .. .# #..


You could see an ooze (poisoned) and a jackal.

Vanquished Creatures
  A hobgoblin (D:1)
1 creature vanquished.

Notes
Turn   | Place    | Note
-------+----------+-------------------------------------------
     0 | D:1      | vurker the Naga Venom Mage began the quest for the Orb.
     0 | D:1      | Reached XP level 1. HP: 15/15 MP: 3/3
    44 | D:1      | Slain by an ooze

Illustrated notes

Levels and vault maps discovered:
D:1:      heliophobic_arrival_battle_scene, layout_rooms,
          serial_co_window_serial, co_window_paths_a, co_window_paths_b,
          co_window_corner_a, co_window_of_opportunity_a,
          co_window_of_opportunity_a, co_window_corner_a, co_window_corner_a,
          co_window_unsneaky_path_e, co_window_corner_cb, co_window_corner_b,
          co_window_broadway_b, co_window_corner_b, co_window_paths_c,
          co_window_sun, glass_columns_b, glass_columns_a, glass_columns_b,
          glass_columns_a, minivault_5, corner_web_ring, cheibriados_altar_1

Action                   || total
-------------------------++-------
Melee: Unarmed           ||     3
 Cast: Sting             ||     4
 Abil: Spit Poison       ||     1
Dodge: Dodged            ||     2

Table legend:
 A = Non-vault XP
 B = Vault XP
 C = Vault XP percentage of total XP
 D = Non-vault monster count
 E = Vault monster count
 F = Vault count percentage of total count
                 A         B        C        D         E       F
            +---------+---------+-------+---------+---------+-------
      Total |       2 |       0 |   0.0 |       1 |       0 |   0.0
            +---------+---------+-------+---------+---------+-------
        D:1 |       2 |       0 |   0.0 |       1 |       0 |   0.0
            +---------+---------+-------+---------+---------+-------
